 Dungeon Crawl Stone Soup version 0.19.1-1-g22dce08 (webtiles) character file.

372 galech the Covered (level 6, 0/38 HPs)
             Began as a Gargoyle Fighter on Jan 17, 2017.
             Killed from afar by an orc wizard (10 damage)
             ... with a puff of flame
             ... on level 4 of the Dungeon.
             The game lasted 00:06:30 (3434 turns).

galech the Covered (Gargoyle Fighter)               Turns: 3434, Time: 00:06:31

Health: 0/38       AC: 12    Str: 20    XL:     6   Next: 71%
Magic:  6/6        EV:  8    Int:  8    God:
Gold:   181        SH:  9    Dex: 11    Spells: 0 memorised, 5 levels left

rFire  . . .     SeeInvis .     a - +0 flail
rCold  . . .     Gourm    +     b - +0 scale mail
rNeg   + . .     Faith    .     c - +0 shield
rPois  ∞         Spirit   .     z - +0 helmet
rElec  +         Reflect  .     (no cloak)
rCorr  .         Harm     .     (no gloves)
MR     .....                    (no boots)
Stlth  ..........               i - amulet of the gourmand
                                (no ring)
                                (no ring)

@: no status effects
A: negative energy resistance 1, electricity resistance, unbreathing,
petrification resistance, rot immunity, AC +4
a: no special abilities


You were on level 4 of the Dungeon.
You were completely stuffed.

You visited 1 branch of the dungeon, and saw 4 of its levels.

You collected 181 gold pieces.

Inventory:

Hand Weapons
 a - a +0 flail (weapon)
Armour
 b - a +0 scale mail (worn)
 c - a +0 shield (worn)
 z - a +0 helmet (worn)
Jewellery
 i - an amulet of the gourmand (around neck)
Wands
 u - a wand of lightning (6/15)
Scrolls
 e - a scroll of random uselessness {unknown}
 g - 2 scrolls of enchant weapon {unknown}
 k - a scroll of magic mapping {unknown}
 l - 5 scrolls of teleportation {unknown}
 m - a scroll of fog {unknown}
 n - a scroll of amnesia {unknown}
 r - 4 scrolls of identify {unknown}
 v - a scroll of remove curse {unknown}
 y - a scroll of blinking {unknown}
Potions
 d - 2 potions of might
 h - 3 potions of curing {unknown}
 j - a potion of magic {unknown}
 o - 3 potions of degeneration {unknown}
 p - a potion of berserk rage
 s - a potion of heal wounds {unknown}
 w - a potion of haste {unknown}
Comestibles
 f - 5 bread rations
 q - 3 fruits
 t - 10 chunks of flesh
 x - 2 meat rations


   Skills:
 + Level 4.1 Fighting
 + Level 4.5 Maces & Flails
 + Level 4.6 Armour
 + Level 1.0 Dodging
 + Level 0.2 Stealth
 + Level 4.6 Shields


You had 5 spell levels left.
You didn't know any spells.

Dungeon Overview and Level Annotations

Branches:
Dungeon (4/15)
 Temple: D:4-7

Altars:
Kikubaaqudgha
Makhleb

Annotations:
D:3 Grinder


Innate Abilities, Weirdness & Mutations

You are resistant to torment.
Your stone body is resilient. (AC +4)
You are immune to poison.
You resist negative energy. (rN+)
You are resistant to electric shocks. (rElec)
You can survive without breathing.
You are immune to petrification.
You are immune to rotting.


Message History

You block something's attack. The orc closely misses you.
You hear some strange, mumbled words.
A puff of flame appears from out of thin air!
The puff of flame hits you!
* * * LOW HITPOINT WARNING * * *
You block the orc's attack. Something hits you but does no damage.
You barely miss something. The orc hits you but does no damage.
You hear some strange, mumbled words.
A puff of flame appears from out of thin air!
The puff of flame misses you. Something completely misses you.
The orc barely misses you.
You hear some strange, mumbled words.
A puff of frost appears from out of thin air!
The puff of frost misses you.
Your shield and scale mail prevent you from hitting something.
The orc hits you but does no damage. Something hits you but does no damage.
You hear some strange, mumbled words.
A puff of flame appears from out of thin air!
The puff of flame hits you!
You die...

.##'###......#########
......#......#
......#......#
......#......#
#######......# #####
.........#### ##...##
.........# #.....#
.........# #oo...#
.........# #@.o.#
.........#######{..#
.....##........#...#
.....#...#....o)...#
.....#...#....o#...#
.... #<..#.....#...#
#...#.....#...+
#...#.....#...#
#...#.....#...#


You could see 3 orcs.

Vanquished Creatures
  An ogre (D:4)
  A bullfrog skeleton (D:4)
  Terence (D:2)
  A worker ant (D:4)
  Robin (D:4)
  A howler monkey skeleton (D:4)
  7 gnolls
  3 adders (D:2)
  An ooze (D:2)
  3 worms
  2 dart slugs (D:1)
  2 leopard geckos (D:2)
  7 bats
  2 giant cockroaches
  18 goblins
  10 hobgoblins
  4 jackals (D:2)
  A quokka (D:3)
  4 frilled lizards
  10 kobolds
  2 quokka skeletons (D:4)
  4 rats
86 creatures vanquished.

Notes
Turn   | Place    | Note
-------+----------+-------------------------------------------
     0 | D:1      | galech the Gargoyle Fighter began the quest for the Orb.
     0 | D:1      | Reached XP level 1. HP: 14/14 MP: 1/1
   198 | D:1      | Reached XP level 2. HP: 15/19 MP: 2/2
   467 | D:1      | Reached XP level 3. HP: 23/23 MP: 3/3
   718 | D:2      | Noticed Terence
   727 | D:2      | Killed Terence
   727 | D:2      | Reached XP level 4. HP: 22/28 MP: 4/4
  1464 | D:1      | Reached XP level 5. HP: 30/33 MP: 5/5
  1507 | D:2      | Reached skill level 1 in Dodging
  2241 | D:3      | Found an ancient bone altar of Kikubaaqudgha.
  2261 | D:3      | Found a burning altar of Makhleb.
  2434 | D:3      | Noticed Grinder
  2682 | D:3      | Paralysed by Grinder for 7 turns
  3262 | D:4      | Noticed an ogre
  3268 | D:4      | Killed an ogre
  3268 | D:4      | Reached XP level 6. HP: 38/38 MP: 6/6
  3347 | D:4      | Noticed Robin
  3370 | D:4      | Killed Robin
  3434 | D:4      | Killed from afar by an orc wizard

Skill      XL: |  1  2  3  4  5 |
---------------+----------------+-----
Maces & Flails | 3 4 |  4.5
Armour         | 4 |  4.6
Shields        | 4 |  4.6
Dodging        | 1 |  1.0
Fighting       | 4 |  4.1
Stealth        | |  0.2

Action                   |  1- 3 |  4- 6 || total
-------------------------+-------+-------++-------
Melee: Flail             |   110 |   309 ||   419
  Eat: Chunk             |    14 |     9 ||    23
Armor: Scale mail        |    65 |   172 ||   237
Dodge: Dodged            |    27 |   120 ||   147
Block: Shield            |    50 |   176 ||   226
